Celery, neutral female human Monk --------- |.......| |.......| --- --- ----- ---- |..<....| |. . ... .. ------|-- |.---- .-----.---- ..----- # |.|..|---.|...|.-+(| ..|(((| # |.|..|(2|.|._.-.|..| ..|(((| # ###+.-|-|((|.|...|.--------.|... # ###|....|. |.|...|....-./.|.-|--- | # ### #..{..-|--a----|....|..[|........| # # |..........-..|+--.-----%.----- | # ### |....-|--[.|..| |........-...| | # # |.-+-|. |d----| ||---....|.%%| . --------|- ### |.| |..|@|...|--|..(|---.-----.| |........| # |.| |---d-@*(|..|..%| +.......| |...>..^.|##` |.| |....|.??|..|(((| |.......| |.........# |.----....-----|---------.....{.| |........| |...............................| ---------- --------------------------------- Celery the Initiate Experience level: 7 Strength: 18 Dexterity: 18 Constitution: 13 Intelligence: 8 Wisdom: 14 Charisma: 8 Health: 0(45) Energy: 40(44) Def: 9 Gold: 0 Moves: 3701 Dungeon seed: JczeKSJhMC91EjCE Game ID: Celery_1470928020 Your Inventory: Weapons k - 11 uncursed +0 shuriken (in quiver) Armor e - an uncursed +2 pair of leather gloves (being worn) n - an uncursed +1 robe (being worn) r - an uncursed +0 pair of jumping boots (being worn) z - an uncursed +0 dwarvish iron helm (being worn) Comestibles d - 5 uncursed food rations h - 4 uncursed fortune cookies o - an uncursed sprig of wolfsbane D - an uncursed eucalyptus leaf F - 2 uncursed tripe rations Scrolls b - an uncursed scroll of stinking cloud m - an uncursed scroll of enchant armor C - a blessed scroll of destroy armor U - 2 uncursed scrolls of blank paper V - a cursed scroll of remove curse Spellbooks a - an uncursed spellbook of detect treasure g - an uncursed spellbook of detect unseen K - an uncursed spellbook of teleport away Potions c - 3 uncursed potions of healing p - an uncursed potion of sleeping H - an uncursed potion of water S - an uncursed potion of see invisible T - an uncursed potion of fruit juice W - an uncursed potion of oil Z - an uncursed potion of full healing Rings t - an uncursed ring of cold resistance Wands i - an uncursed wand of enlightenment (0:2) A - an uncursed wand of undead turning (0:5) B - an uncursed wand of secret door detection (0:12) E - an uncursed wand of magic missile (0:4) G - an uncursed wand of make invisible (0:6) M - an uncursed wand of magic missile (0:5) R - an uncursed wand of light (0:9) Y - an uncursed wand of make invisible (0:6) Tools f - an uncursed skeleton key j - an uncursed oil lamp (0:0) w - an uncursed tin whistle x - an uncursed +0 pick-axe J - 12 uncursed tallow candles (0:200) Q - an uncursed wax candle (0:400) X - an uncursed can of grease (0:23) Gems y - 3 uncursed worthless pieces of green glass N - an uncursed worthless piece of violet glass O - an uncursed sapphire P - an uncursed worthless piece of blue glass Spells and supernatural/magical abilities: Name Level Category Fail Memory p - protection 1 clerical 0% 82% w - wizard lock 2 matter 92% 100% I - identify 3 divination 92% 100% U - detect unseen 3 divination 92% 100% W - pray for help -- divine ? -- Y - supernatural jump -- ability ? -- Your skills at the end: Miscellaneous Skills martial arts [Skilled] wands [Basic] Weapon Skills shuriken [Basic] Spellcasting Skills healing spells [Basic] Final Attributes: You were fervently aligned. You were sleep resistant. You were poison resistant. You saw invisible. You were warned. You were stealthy. You could jump. You were fast. You are dead. Vanquished creatures: a giant mimic a small mimic a gnome king a dog 2 soldier ants an imp 2 Uruk-hai a shrieker 4 gnome lords 2 gnomish wizards a ghoul a paper golem 3 giant ants 2 floating eyes a kitten 7 dwarves a kobold lord 3 iguanas 6 hill orcs a rabid rat 2 giant bats a monkey a gas spore 3 geckos 2 giant rats 3 yellow molds 18 gnomes 3 manes 4 jackals a kobold 4 newts a goblin 6 grid bugs a lichen a kobold zombie 93 creatures vanquished. Voluntary challenges: You followed a strict vegan diet. You never hit with a wielded weapon. You did not apply a unicorn horn. You read items or engraved 30 times, starting on turn 1429. You never genocided any monsters. You never polymorphed an object. You never changed form. You used no wishes. You never split a pudding. You never wrote Elbereth's name. You violated your moral code, losing 5 points of alignment, starting on turn 921. Dungeon overview: The Dungeons of Doom: levels 1 to 4 Level 1 a long staircase Level 2 Level 3 an altar to Chih Sung-tzu, a fountain stairs to The Gnomish Mines Level 4 The Gnomish Mines: levels 4 to 6 Level 4 stairs to The Dungeons of Doom Level 5 Level 6 <- You were here many shops, a temple to Chih Sung-tzu, a magic chest, some fountains History has recorded: On T:1 you entered the Dungeons of Doom to retrieve the Amulet of Yendor! On T:324 you reached level 2 of The Dungeons of Doom. On T:741 you reached level 3 of The Dungeons of Doom. On T:763 you advanced to experience level 2. On T:921 you advanced to experience level 3. On T:938 you advanced to experience level 4. On T:1038 you reached level 1 of The Gnomish Mines. On T:1128 you advanced to experience level 5. On T:2458 you received a dwarvish mithril-coat from Chih Sung-tzu. On T:2541 you advanced to experience level 6. On T:2695 you reached level 2 of The Gnomish Mines. On T:2966 you reached level 4 of The Dungeons of Doom. On T:3174 you reached level 3 of The Gnomish Mines. On T:3236 you advanced to experience level 7. On T:3598 you entered the Minetown temple On T:3613 you opened a magic chest. On T:3629 you opened a magic chest. On T:3629 you opened a magic chest. On T:3630 you opened a magic chest. Score breakdown: Gold: 0 ( 0 points) Experience: 7 levels ( 600 points) Exploration: 6 levels ( 150 points) Discoveries: 12 items ( 600 points) Variety of kills: 35 monsters ( 1750 points) Major goal: reached Minetown ( 500 points) Survival: died (score multiplied by 3) Total score: 10800 Latest messages: You hear some noises. You add the "detect unseen" spell to your repertoire. You feel a wrenching sensation. You hear some noises in the distance. The fox misses. The fox bites! (2x) The fox misses. The fox bites! (3x) The fox misses. The fox just misses! The fox bites! (2x) The fox misses. The fox bites! The fox misses. The fox just misses! The fox bites! (9x) The fox misses. The fox bites! (3x) The fox just misses! The fox bites! (3x) The invisible little dog picks up a candle. The fox misses. The fox bites! (3x) You die... Mbambe looks at your corpse and sighs. Final status: Goodbye Celery the Monk, killed by a fox, while frozen by a spellbook... You died in The Gnomish Mines on dungeon level 6 with 10800 points, and 0 pieces of gold, after 3701 moves. You were level 7 with a maximum of 45 hit points when you died.